Description

Cure bio vs soO

Replay - [TvZ] DPGCure vs [AFSC2]soO [TLMC14] Romanticide (2)

Build Order

Get SALT Encoding   

  26  2:49  Orbital Command  
  26  2:55  Starport  
  34  3:22  Hellion  
  40  3:38  Liberator  
  45  3:55  Supply Depot  
  45  3:56  Hellion  
  51  4:13  Command Center  
  51  4:22  Banshee  
  56  4:27  Marine  
  56  4:28  Stimpack  start stim
  56  4:29  Factory Reactor  factory makes reactor
  57  4:33  Supply Depot  
  59  4:45  Barracks x2, Marine  +2 rax
  62  4:56  Engineering Bay x2  +2 ebay
  63  5:03  Marine, Refinery x2  +2 gas
  67  5:19  Starport Reactor  
  67  5:20  Marine  
  68  5:23  Terran Infantry Weapons Level 1, Terran Infantry Armor Level 1  +1/1
  68  5:25  Orbital Command  
  70  5:32  Marine x2  
  72  5:37  Siege Tank  
  72  5:38  Marine  
  78  5:44  Marine x2  
  78  5:47  Orbital Command  
  82  6:01  Medivac x2  
  93  6:07  Combat Shield  +combat shields
  93  6:19  Siege Tank  
  101  6:32  Barracks x2  +2 rax
  107  6:33  Armory  +armory
  123  7:12  Medivac x2  
  123  7:13  Siege Tank  
  130  7:16  Refinery x2  +2 gas after saturated
  130  7:19  Barracks Reactor x2  
  133  7:26  Missile Turret  
  133  7:29  Terran Infantry Weapons Level 2  +2/2
  133  7:36  Missile Turret  turret
  138  7:38  Terran Infantry Armor Level 2  
  138  7:47  Terran Vehicle And Ship Armor Level 1  ship armor
  132  8:03  Siege Tank  
  129  8:17  Medivac  
  133  8:20  Factory  +2nd factory
  137  8:30  Medivac  
  125  8:51  Siege Tank  
  130  8:57  Command Center  
  135  9:04  Factory Tech Lab  
  138  9:10  Medivac x2  
  143  9:23  Siege Tank  
  150  9:34  Siege Tank  
  157  9:40  Medivac x2  
  157  9:43  Terran Vehicle And Ship Armor Level 2  +ship armor
  161  9:51  Barracks x3  +3 rax @ 9:50
  159  9:56  Siege Tank  
Spawning Tool Build Advisor. Get it on Overwolf

Analysis

5:20 +1/+1 6:30 - ARMORY 7:30 +2/+2 10:00 +3/+3

Go to:

Details

  • Created by: 1337DEVIN
  • Published on: Feb 29, 2020
  • Modified on: Mar 02, 2020
  • Patch: 4.11.0
Show
View Real Time Build Order
Export as new Build Order

Comments (0)

There are no comments. Be the first!

Create an account to comment!